 Dungeon Crawl Stone Soup version 0.16-a0-3425-gb4a0a08 (webtiles) character file.

18324 Miyamura the Thaumaturge (level 12, -5/70 (72) HPs)
             Began as a Deep Elf Air Elementalist on Dec 31, 2014.
             Was a High Priest of Vehumet.
             Slain by a yak (7 damage)
             ... on level 3 of the Lair of Beasts.
             The game lasted 01:31:19 (21152 turns).

Miyamura the Thaumaturge (DEAE)                    Turns: 21152, Time: 01:31:19

HP:   -5/70 (72)    AC:  5    Str:  8    XL:     12   Next: 26%
MP:   31/44         EV: 19    Int: 22    God:    Vehumet [*****.]
Gold: 586           SH:  5    Dex: 16    Spells: 10 memorised, 2 levels left

rFire  + . .     SeeInvis .     U - +8 trident of the Octopus King {venom, rElec rPois MR+}
rCold  + . .     Clarity  .     a - +1 robe
rNeg   . . .     SustAb   .     I - +2 buckler {rC+ rF+} (curse)
rPois  +         Gourm    .     C - +0 helmet
rElec  +         Spirit   .     (no cloak)
rCorr  .         Warding  .     G - +0 pair of gloves
rMut   +         Stasis   .     (no boots)
MR     ++...                    i - amulet of resist mutation
Stlth  ++........               u - ring of magical power
                                q - ring of invisibility

@: repel missiles, very resistant to hostile enchantments, unstealthy
A: wild magic 1
a: Renounce Religion, Evoke Invisibility


You were on level 3 of the Lair of Beasts.
You worshipped Vehumet.
Vehumet was extremely pleased with you.
You were hungry.

You visited 3 branches of the dungeon, and saw 15 of its levels.
You also visited: Ice Cave.

You collected 838 gold pieces.
You spent 252 gold pieces at shops.

Inventory:

Hand weapons
 h - a +0 long sword of holy wrath
 U - the +8 trident of the Octopus King (weapon) {venom, rElec rPois MR+}
   (You found it on level 11 of the Dungeon)

   It poisons the flesh of those it strikes.
   It insulates you from electricity.
   It protects you from poison.
   It affects your resistance to hostile enchantments.
Armour
 a - a +1 robe (worn)
 C - a +0 helmet (worn)
 G - a +0 pair of gloves (worn)
 I - a cursed +2 buckler of resistance (worn)
 O - the +3 ring mail of Bedevilment {Str+3 Dex+3}
   (You found it on level 9 of the Dungeon)

   It affects your strength (+3).
   It affects your dexterity (+3).
Magical staves
 r - an uncursed staff of fire
Jewellery
 b - an uncursed amulet of warding
 i - an amulet of resist mutation (around neck)
 q - a ring of invisibility (left hand)
 u - a ring of magical power (right hand)
 v - an uncursed ring of protection from fire
Magical devices
 e - a wand of digging (10)
 f - a wand of frost (20)
 x - a wand of teleportation (4)
 y - a wand of paralysis (5)
 B - a wand of teleportation (8)
 D - a wand of confusion (17)
 K - a wand of cold (4)
 L - a wand of cold (1)
 N - a wand of confusion (37)
 T - a wand of teleportation (3)
 W - a wand of confusion (19)
Scrolls
 j - 6 scrolls of enchant armour
 k - a scroll of recharging
 t - 2 scrolls of amnesia
 E - 7 scrolls of remove curse
 H - a scroll of fog
Potions
 d - 4 potions of curing
 l - a potion of flight
 m - 5 potions of agility
 n - a potion of haste
 w - 2 potions of resistance
 z - 2 potions of might
 A - 2 potions of brilliance
 F - 2 potions of magic
 X - a potion of mutation {unknown}
Books
 o - a book of Necromancy

   Spells                             Type                      Level
   a - Pain                           Necromancy                   1
   b - Animate Skeleton               Necromancy                   1
   c - Vampiric Draining              Necromancy                   3
   d - Regeneration                   Charms/Necromancy            3
   e - Animate Dead                   Necromancy                   4
   f - Control Undead                 Necromancy                   4
Comestibles
 c - 6 bread rations
 p - 4 meat rations
 J - a poisonous chunk of flesh
 P - 10 royal jellies
 Q - 6 fruits
 R - 4 beef jerkies
 S - a slice of pizza


   Skills:
 + Level 7.3 Fighting
 + Level 11.3 Dodging
 - Level 2.4 Stealth
 + Level 12.1 Spellcasting
 + Level 10.2 Conjurations
 + Level 9.7 Air Magic


You had 2 spell levels left.
You knew the following spells:

 Your Spells              Type           Power        Failure   Level  Hunger
a - Shock                 Conj/Air       ####         1%          1    None
b - Repel Missiles        Chrm/Air       ######       4%          2    None
c - Swiftness             Chrm/Air       ######..     4%          2    None
d - Static Discharge      Conj/Air       ######..     1%          3    None
e - Flight                Chrm/Air       ######....   7%          3    None
f - Freeze                Ice            ###.         4%          1    None
g - Lightning Bolt        Conj/Air       ######....   1%          5    ####...
h - Force Lance           Conj/Tloc      ######..     5%          4    None
r - Regeneration          Chrm/Necr      ###.......   30%         3    None
t - Tornado               Air            ######....   100%        9    #######


Dungeon Overview and Level Annotations

Branches:
Dungeon (11/15)            Temple (1/1) D:4            Lair (3/8) D:11
    Orc (0/4) D:11
  Swamp: Lair:3-6    Shoals: Lair:3-6     Snake: Lair:3-6    Spider: Lair:3-6

Altars:
Ashenzari
Cheibriados
Dithmenos
Elyvilon
Fedhas
Gozag
Kikubaaqudgha
Makhleb
Nemelex Xobeh
Okawaru
Qazlal
Ru
Sif Muna
Trog
Vehumet
Xom
Yredelemnul
Zin
The Shining One

Shops:
D:6 !   D:11 }

Annotations:
D:5 Prince Ribbit


Innate Abilities, Weirdness & Mutations

Your spells are a little harder to cast, but a little more powerful.


Message History

The ice statue is lightly damaged.
You are engulfed in freezing vapours.
You resist. The ice statue throws cold at you.
You are engulfed in freezing vapours.
You resist.
There is an ice covered gate leading back out of this place here.
Your skin stops crawling.
The ice statue throws ice at you. The shard of ice hits you!
You partially resist. The ice statue throws cold at you.
The bolt of cold hits you! You resist.
Really walk into that cloud of freezing vapour?
You are engulfed in freezing vapours.
You resist.
* * * LOW HITPOINT WARNING * * *
There is an ice covered gate leading back out of this place here.
You are engulfed in freezing vapours.
You resist.
* * * LOW HITPOINT WARNING * * *
Welcome back to the Lair of Beasts!
The yak gores you.
* * * LOW HITPOINT WARNING * * *
You block the yak's attack. The yak gores you!
You die...

..............
.................
...................
....................
............PP.#.....
.......?....#....#
#...P..#Y.Y......#
#....#Y#Y....<.##
#.@Y#...#..#
#....#Y#...#YY##
####..#Y.......#
.........#....
#....##...#......
#... ........... ##..
.....#.... ..
.....##P ..


You could see 7 yaks.

Vanquished Creatures
  A hydra (Lair:2)
  A hill giant (D:10)
  A manticore (D:11)
  An ugly thing (D:11)
  A black mamba (Lair:1)
  3 spiny frogs
  2 komodo dragons (Lair:1)
  A kobold demonologist (D:11)
  A fire drake (Lair:2)
  2 trapdoor spider zombies
  A two-headed ogre (D:7)
  4 blink frogs (Lair:1)
  A basilisk (Lair:1)
  The ghost of Miyamura the Magician, an average DEFE (D:4)
  A wraith (D:11)
  13 yaks
  A shadow (D:11)
  Eustachio (D:6)
  A steam dragon (D:9)
  Grum (D:9)
  A deep elf mage (D:9)
  3 hippogriffs
  10 wolves
  A soldier ant (D:9)
  4 orc warriors
  A black bear (D:6)
  7 water moccasins
  A yellow wasp (D:10)
  3 porcupines
  A boring beetle (D:9)
  4 necrophages
  2 phantoms
  7 ice beasts (IceCv)
  6 ogres
  4 sky beasts
  3 centaurs
  A brain worm (D:11)
  Sigmund (D:7)
  A big kobold (D:10)
  Blork the orc (D:7)
  4 crocodiles
  10 giant frogs
  The ghost of Vidiiot the Sneak, an average VSWz (D:5)
  A gnoll sergeant (D:7)
  A water moccasin zombie (D:9)
  A wyvern skeleton (D:8)
  A scorpion (D:4)
  10 wights
  2 centaur zombies
  3 goliath beetles (D:9)
  A yellow wasp zombie (D:11)
  2 crimson imps
  2 giant frog zombies
  6 orc priests
  4 quasits
  9 hounds
  3 giant frog skeletons
  10 orc wizards
  8 worker ants
  13 iguanas
  15 sheep
  A mummy (D:9)
  A worker ant zombie (D:7)
  10 gnolls
  36 river rats
  19 adders
  4 shadow imps
  2 giant mites
  3 worms
  An adder zombie (D:8)
  2 adder skeletons
  4 giant geckos
  41 orcs
  2 bat skeletons
  5 giant cockroaches
  12 goblins
  22 hobgoblins
  13 kobolds
  9 quokkas
  14 bats
  4 giant newts
  30 jackals
  A quokka skeleton (D:7)
  13 rats
457 creatures vanquished.

Vanquished Creatures (others)
  2 fungi (Lair:2)
2 creatures vanquished.

Grand Total: 459 creatures vanquished

Notes
Turn   | Place    | Note
--------------------------------------------------------------
     0 | D:1      | Miyamura, the Deep Elf Air Elementalist, began the quest for the Orb.
     0 | D:1      | Reached XP level 1. HP: 10/10 MP: 5/5
   378 | D:1      | Reached XP level 2. HP: 13/15 MP: 3/8
   421 | D:1      | Learned a level 2 spell: Repel Missiles
   424 | D:1      | Learned a level 2 spell: Swiftness
  1199 | D:2      | Reached XP level 3. HP: 20/20 MP: 9/11
  1324 | D:2      | Learned a level 3 spell: Static Discharge
  1856 | D:2      | Found a shimmering altar of Xom.
  1964 | D:2      | Reached XP level 4. HP: 24/24 MP: 8/14
  2391 | D:3      | Reached skill level 1 in Fighting
  2391 | D:3      | Reached skill level 4 in Spellcasting
  2478 | D:2      | Learned a level 3 spell: Flight
  2789 | D:3      | Reached XP level 5. HP: 29/29 MP: 12/18
  3424 | D:4      | Found a staircase to the Ecumenical Temple.
  3445 | Temple   | Entered the Ecumenical Temple
  3589 | Temple   | Became a worshipper of Vehumet
  3726 | D:4      | Noticed Miyamura's ghost (average DEFE)
  3962 | D:4      | Found an iron altar of Okawaru.
  4155 | D:4      | Killed Miyamura's ghost
  4155 | D:4      | Reached XP level 6. HP: 15/35 MP: 4/20
  4436 | D:4      | Reached skill level 5 in Spellcasting
  4972 | D:4      | Reached XP level 7. HP: 40/40 MP: 15/22
  4992 | D:4      | Found a white marble altar of Elyvilon.
  5166 | D:5      | Entered Level 5 of the Dungeon
  5195 | D:5      | Acquired Vehumet's first power
  5195 | D:5      | Offered knowledge of Freeze by Vehumet.
  5198 | D:5      | Learned a level 1 spell: Freeze
  5375 | D:5      | Noticed Prince Ribbit
  5425 | D:5      | Reached skill level 5 in Air Magic
  5681 | D:5      | Reached skill level 5 in Dodging
  5744 | D:5      | Found a blossoming altar of Fedhas.
  5751 | D:5      | Noticed Vidiiot's ghost (average VSWz)
  5759 | D:5      | Killed Vidiiot's ghost
  6544 | D:5      | Reached skill level 6 in Spellcasting
  6544 | D:5      | Reached XP level 8. HP: 31/45 MP: 25/25
  6758 | D:6      | Found Maekla Caym's Distillery.
  6801 | D:6      | Bought a potion of poison for 14 gold pieces
  6801 | D:6      | Bought a potion of curing for 42 gold pieces
  6801 | D:6      | Bought a potion of degeneration for 14 gold pieces
  6801 | D:6      | Bought a potion of heal wounds for 70 gold pieces
  6805 | D:6      | Bought a potion of might for 56 gold pieces
  6805 | D:6      | Bought a potion of brilliance for 56 gold pieces
  6811 | D:6      | Learned a level 5 spell: Lightning Bolt
  7007 | D:6      | Found a deep blue altar of Sif Muna.
  7040 | D:6      | Found a stormy altar of Qazlal.
  7080 | D:6      | Noticed Eustachio
  7085 | D:6      | Found a shattered altar of Ashenzari.
  7099 | D:6      | Killed Eustachio
  7099 | D:6      | Reached skill level 5 in Conjurations
  7322 | D:6      | Found a burning altar of Makhleb.
  7547 | D:7      | Offered knowledge of Magic Dart by Vehumet.
  7576 | D:7      | Reached skill level 7 in Spellcasting
  7619 | D:7      | Noticed Blork the orc
  7628 | D:7      | Killed Blork the orc
  8448 | D:7      | Reached XP level 9. HP: 50/50 MP: 28/28
  8568 | D:7      | Noticed Sigmund
  8587 | D:7      | Killed Sigmund
  8949 | D:8      | Found an ancient bone altar of Kikubaaqudgha.
  9182 | D:7      | Offered knowledge of Mephitic Cloud by Vehumet.
  9984 | D:8      | Reached skill level 8 in Spellcasting
 10418 | D:8      | Acquired Vehumet's second power
 11023 | D:8      | Offered knowledge of Force Lance by Vehumet.
 11052 | D:8      | Learned a level 4 spell: Force Lance
 11892 | D:9      | Reached skill level 5 in Fighting
 12045 | D:9      | Got a distressingly furry ring mail
 12056 | D:9      | Identified the +3 ring mail of Bedevilment {Str+3 Dex+3} (You found it on level 9 of the Dungeon)
 12087 | D:9      | Reached XP level 10. HP: 50/57 MP: 28/30
 12092 | D:9      | Reached skill level 9 in Spellcasting
 12110 | D:9      | Noticed Grum
 12117 | D:9      | Killed Grum
 12445 | D:9      | Found an opulent altar of Gozag.
 12480 | D:9      | Learned a level 5 spell: Iskenderun's Battlesphere
 12692 | D:9      | Acquired Vehumet's third power
 12970 | D:9      | Offered knowledge of Fireball by Vehumet.
 13943 | D:9      | Found a snail-covered altar of Cheibriados.
 13944 | D:9      | Found a sacrificial altar of Ru.
 14131 | D:10     | Entered Level 10 of the Dungeon
 14536 | D:10     | Identified a scroll of acquirement
 14537 | D:10     | Identified Kemuepp's Disquisition on Feathers (You acquired it on level 10 of the Dungeon)
 14964 | D:10     | Reached skill level 10 in Spellcasting
 15382 | D:10     | Noticed a hill giant
 15667 | D:10     | Killed a hill giant
 16368 | D:11     | Found Vibled's Gadget Boutique.
 16379 | D:11     | Reached XP level 11. HP: 62/62 MP: 32/32
 16480 | D:11     | Learned a level 9 spell: Tornado
 16612 | D:11     | Noticed a brown ugly thing
 16616 | D:11     | Killed a brown ugly thing
 16834 | D:11     | Reached skill level 10 in Dodging
 16913 | D:11     | Noticed a manticore
 16917 | D:11     | Killed a manticore
 16925 | D:11     | Noticed a green ugly thing
 17295 | D:11     | Found a staircase to the Lair.
 17320 | D:11     | Found a staircase to the Orcish Mines.
 17596 | Lair:1   | Entered Level 1 of the Lair of Beasts
 17603 | Lair:1   | Offered knowledge of Iron Shot by Vehumet.
 17980 | Lair:1   | Reached skill level 11 in Spellcasting
 19513 | Lair:2   | Learned a level 3 spell: Regeneration
 19759 | Lair:2   | Gained mutation: Your spells are a little harder to cast, but a little more powerful. [potion of beneficial mutation]
 19830 | Lair:2   | Reached XP level 12. HP: 69/69 MP: 28/34
 19832 | Lair:2   | Reached skill level 10 in Conjurations
 20038 | Lair:2   | Noticed an eight-headed hydra
 20302 | Lair:2   | Killed an eight-headed hydra
 20302 | Lair:2   | Reached skill level 12 in Spellcasting
 21007 | Lair:3   | Found a frozen archway.
 21017 | IceCv    | Entered an ice cave
 21152 | Lair:3   | HP: 2/70 [yak (5)]
 21152 | Lair:3   | Slain by a yak

Action                   |  1- 3 |  4- 6 |  7- 9 | 10-12 || total
-------------------------+-------+-------+-------+-------++-------
Melee: Hand axe          |     7 |       |    10 |       ||    17
       Staff             |       |       |       |     2 ||     2
       Trident           |       |       |       |     5 ||     5
 Cast: Shock             |   101 |   160 |   302 |   368 ||   931
       Swiftness         |     1 |       |       |     1 ||     2
       Static Discharge  |     3 |     7 |    73 |   136 ||   219
       Repel Missiles    |     1 |       |     1 |       ||     2
       Freeze            |       |       |    16 |    15 ||    31
       Force Lance       |       |       |    15 |    85 ||   100
       Lightning Bolt    |       |       |     7 |    52 ||    59
       Regeneration      |       |       |       |     7 ||     7
 Abil: Evoke Invisibilit |       |       |       |     1 ||     1
Evoke: Wand              |       |       |     3 |     4 ||     7
  Use: Scroll            |     6 |     6 |     2 |    16 ||    30
       Potion            |       |     1 |     2 |     2 ||     5
 Stab: Paralysed         |       |       |     9 |       ||     9
  Eat: Chunk             |     3 |    10 |    18 |    33 ||    64
       Meat ration       |       |       |     1 |       ||     1
       Beef jerky        |       |       |     1 |       ||     1
       Pizza             |       |       |       |     4 ||     4
       Fruit             |       |       |       |     1 ||     1
